AoeStats
← HappyTree

Nomad

503506520Analyzed
3v3 RM · 1mo ago on Sep 1, 2026· 52m 47s· 6 players
Game mode
Random Map
Map size
210×210
Population
200
Speed
Normal
Resources
Standard
Victory
Conquest
Starting age
Dark Age
Ending age
Imperial Age
RankedLock teamsTeams togetherTeam positionsShared explorationLock speedFull tech treeHidden civsTurbo modeCheats
Victory
Defeat
🇦🇷 Tatars · Argentina
983
+13
🇦🇷 Koreans · Argentina
979
+14
🇦🇷 Sicilians · Argentina
970
+14
🇲🇽 Britons · Mexico
937
-14
🇺🇸 Franks · United States
930
-14
🇺🇸 Spanish · United States
912
-13
realfuntime219
13:31 Loom
15:20 Feudal Age
16:44 Town Watch
17:46 Wheelbarrow
19:07 Forging
21:28 Castle Age
23:08 Town Watch
23:47 Gold Mining
25:57 Scale Barding Armor
30:00 Husbandry
33:34 Double-Bit Axe
40:32 Fletching
40:52 Padded Archer Armor
41:16 Chain Barding Armor
46:46 Hand Cart
47:18 Gold Shaft Mining
Walter White
4:58 Loom
15:40 Feudal Age
29:29 Double-Bit Axe
38:15 Castle Age
36:24 Padded Archer Armor
36:55 Fletching
37:29 Horse Collar
39:04 Gold Mining
39:31 Leather Archer Armor
40:36 Bloodlines
40:39 Husbandry
HappyTree
9:51 Loom
14:16 Feudal Age
14:51 Double-Bit Axe
17:46 Wheelbarrow
21:43 Castle Age
19:56 Town Watch
19:53 Horse Collar
20:08 Stone Mining
20:09 Gold Mining
20:56 Fletching
22:11 Padded Archer Armor
21:57 Crossbowman
23:07 Bodkin Arrow
24:58 Bow Saw
26:35 Horse Collar
28:30 Man-at-Arms
29:32 Gambesons
29:49 Scale Mail Armor
30:55 Long Swordsman
40:35 Imperial Age
39:42 Yeomen
39:43 Squires
39:31 Arson
40:36 Chain Mail Armor
40:32 Forging
41:06 Ballistics
40:58 Masonry
42:13 Two-Handed Swordsman
43:25 Plate Mail Armor
43:15 Bracer
45:31 Guard Tower
Luftwaffe
20:44 Feudal Age
24:08 Fletching
31:15 Castle Age
29:15 Stone Mining
29:35 Gold Mining
32:16 Wheelbarrow
32:40 Double-Bit Axe
39:29 Horse Collar
47:01 Imperial Age
46:56 Heated Shot
49:07 Ballistics
49:59 Bodkin Arrow
51:12 Chemistry
51:16 Gold Shaft Mining
51:36 Hand Cart
52:44 Heavy Plow
52:50 Bracer
IIWALLACEII
4:08 Loom
4:51 Loom
16:12 Feudal Age
16:41 Double-Bit Axe
17:11 Fishing Lines
19:27 Gold Mining
19:28 Stone Mining
20:19 Scale Mail Armor
20:33 Forging
23:45 Castle Age
22:45 Arson
23:57 Wheelbarrow
24:26 Squires
24:12 Gambesons
24:45 Chain Mail Armor
25:55 Fletching
25:52 Horse Collar
26:26 Bow Saw
26:15 Pikeman
31:25 Hand Cart
32:59 Iron Casting
33:37 Heavy Plow
33:51 Bodkin Arrow
34:44 Caravan
36:38 Town Watch
36:59 Husbandry
40:00 Imperial Age
37:33 Murder Holes
37:48 Masonry
40:01 Elite Serjeant
42:30 Crop Rotation
44:07 Plate Mail Armor
44:37 Blast Furnace
45:40 Chemistry
45:03 Ballistics
48:45 First Crusade
48:25 Capped Ram
51:06 Siege Ram
52:48 Bracer
52:48 Padded Archer Armor
TiraFlechas1861
4:22 Loom
13:04 Feudal Age
13:45 Double-Bit Axe
13:49 Horse Collar
17:45 Wheelbarrow
24:39 Castle Age
22:48 Gold Mining
24:50 Padded Archer Armor
24:40 Fletching
26:14 Gold Shaft Mining
25:52 Bow Saw
25:44 Heavy Plow
26:11 Leather Archer Armor
25:56 Bodkin Arrow
27:24 Hand Cart
28:55 Leather Archer Armor
29:14 Ballistics
31:24 Town Watch
36:22 Forging
36:18 Scale Barding Armor
39:10 Town Patrol
40:04 Iron Casting
39:53 Chain Barding Armor
40:41 Bloodlines
40:32 Husbandry
40:51 Light Cavalry
43:01 Stone Mining
45:47 Imperial Age
48:11 Blast Furnace
48:18 Elite Steppe Lancer
Connection lost

Rejoining the realm…

Still unreachable

The connection could not be restored.

Session expired

The server has moved on; the page needs a fresh start.